 Dungeon Crawl Stone Soup version 0.29.1-15-g9cfb28693d (webtiles) character file.

Game seed: 16429160379591301374

14 protoss039 the Digger (level 2, -3/21 HPs)
             Began as a Demonspawn Earth Elementalist on Mar 12, 2023.
             Killed by nerve-wracking pain
             ... invoked by Grinder
              (4 damage)
             ... on level 3 of the Dungeon.
             The game lasted 00:00:53 (588 turns).

protoss039 the Digger (DsEE)                         Turns: 588, Time: 00:00:54

Health: -3/21      AC:  2    Str:  8    XL:     2   Next: 31%
Magic:  2/5        EV: 12    Int: 16    God:
Gold:   41         SH:  0    Dex: 13    Spells: 4/5 levels left

rFire   . . .      SeeInvis .   h - +0 club
rCold   . . .      Faith    .   (no shield)
rNeg    . . .      Spirit   .   a - +0 robe
rPois   .          Reflect  .   (no helmet)
rElec   .          Harm     .   (no cloak)
rCorr   .          Rampage  .   (no gloves)
Will    .....                   (no boots)
Stlth   ++........              (no amulet)
HPRegen 0.07/turn               (no ring)
MPRegen 0.09/turn               (no ring)

@: no status effects
A: demonic touch 1
a: no special abilities


You were on level 3 of the Dungeon.
You visited 1 branch of the dungeon, and saw 3 of its levels.

You collected 41 gold pieces.

Inventory:

Hand Weapons
 h - a +0 club (weapon)
Armour
 a - a +0 robe (worn)
Scrolls
 d - 2 scrolls of enchant armour
Potions
 b - a potion of magic
 g - 2 potions of flight {unknown}


   Skills:
 + Level 1.0 Fighting
 - Level 1.7 Dodging
 - Level 1.7 Stealth
 + Level 2.2 Spellcasting
 - Level 0.8 Transmutations
 + Level 3.0 Earth Magic


You had 4 spell levels left.
You knew the following spells:

 Your Spells              Type           Power      Damage    Failure   Level
a - Sandblast             Erth           22%        2d7       6%          1

Your spell library contained the following spells:

 Spells                   Type           Power      Damage    Failure   Level
 Passwall                 Tmut/Erth      6%         N/A       14%         2
 Blink                    Tloc           2%         N/A       30%         2
 Stone Arrow              Conj/Erth      12%        3d7       32%         3
 Lesser Beckoning         Tloc           1%         N/A       52%         3
 Ozocubu's Armour         Ice            1%         N/A       52%         3
 Petrify                  Tmut/Erth      8%         N/A       65%         4
 Manifold Assault         Tloc           1%         N/A       99%         5
 Metabolic Englaciation   Hex/Ice        0%         N/A       99%         5
 Simulacrum               Ice/Necr       0%         N/A       100%        6


Dungeon Overview and Level Annotations

Branches:
Dungeon (3/15) Zot: 17401

Altars:

Annotations:
D:3 Grinder


Innate Abilities, Weirdness & Mutations

Your touch may inflict minor irresistible damage on your foes.


Message History

The endoplasm misses you.
Found an escape hatch in the floor.
The kobold closely misses you. The kobold attacks as you move away!
The kobold completely misses you. The endoplasm attacks as you move away!
The endoplasm misses you.
The kobold throws a stone.
The stone hits you. The endoplasm attacks as you move away!
The endoplasm hits you but does no damage.
The endoplasm attacks as you move away! The endoplasm hits you.
Found a stone staircase leading down.
The endoplasm attacks as you move away!
The endoplasm hits you but does no damage.
A kobold comes into view. It is wielding a +0 short sword.
Found a stone staircase leading up and a stone staircase leading down.
There is a stone staircase leading down here.
The endoplasm hits you.
You climb downwards.
Grinder shouts!
There is a stone staircase leading up here.
Unknown command.
As you read the scroll labelled COKKIF LEAC, it crumbles to dust.
It is a scroll of identify.
d - 2 scrolls of enchant armour The endoplasm hits you.
As you read the scroll labelled RISIAGH DORIO, it crumbles to dust.
You hear a loud clanging noise!
It was a scroll of noise.
You hear a shout! x2
The quokka bites you. The endoplasm hits you.
* * * LOW HITPOINT WARNING * * *
Unknown command.
As you read the scroll labelled DOME TORIRGH, it crumbles to dust.
You feel aware of your surroundings.
You sensed 1 altar.
It was a scroll of magic mapping.
The quokka bites you.
* * * LOW HITPOINT WARNING * * *
The endoplasm freezes you.
You are frozen.
* * * LOW HITPOINT WARNING * * *
Grinder gestures at you. Pain shoots through your body!
You die...

*,,,,,,,,,,*,****,***,,,,,,,,,,*
,,,~~,~~,,,,,*#....#*,,,,,,,,,,*
,~,,~,~,,~,,**#....##,,,,,,,,,,*
,~~,,,,,~~,,* #.....,,,,,,,,,,,*
,,,,,_,,,,,,* #.5..#**,,,,,,,,**
,~~,,,,,~~,,* #....# **,,,,,,**
,~,,~,~,,~,,* #....# ********
,,,~~,~~,,,** #J...#
,,,,,,,,,,,* #.@..# ************
#.r..# #....# ######


You could see Grinder, an endoplasm and a quokka.

Vanquished Creatures
  2 hobgoblins
  A jackal (D:2)
  2 quokkas (D:1)
  2 bats (D:1)
  2 frilled lizards (D:1)
  2 goblins
  3 rats
14 creatures vanquished.

Notes
Turn   | Place    | Note
-------+----------+-------------------------------------------
     0 | D:1      | protoss039 the Demonspawn Earth Elementalist began the
                  | quest for the Orb.
     0 | D:1      | Reached XP level 1. HP: 13/13 MP: 3/3
   312 | D:1      | Found a faded altar of an unknown god.
   389 | D:1      | Gained mutation: Your touch may inflict minor irresistible
                  | damage on your foes. [demonic ancestry]
   389 | D:1      | Reached XP level 2. HP: 20/20 MP: 1/5
   542 | D:1      | You fall into a shaft and drop 1 floor!
   561 | D:2      | Reached skill level 1 in Fighting
   566 | D:2      | Reached skill level 3 in Earth Magic
   585 | D:3      | Noticed Grinder
   588 | D:3      | HP: 1/21 [frozen (2)]
   588 | D:3      | Killed from afar by Grinder

Illustrated notes

Levels and vault maps discovered:
D:1:      dpeg_arrival_lava_temple_mockup, layout_basic,
          hellmonk_ecumenical_altar_pennies_from_heaven
D:2:      layout_rooms
D:3:      layout_rooms, mainiacjoe_overflow_small_starburst,
          roderic_st_hans_cross, uniq_grinder, uniq_terence, uniq_ijyb

Skill      XL: |  1  2 |
---------------+-------+-----
Fighting       | 1 |  1.0
Earth Magic    | 3 |  3.0
Dodging        | |  1.7
Stealth        | |  1.7
Spellcasting   | |  2.2
Transmutations | |  0.8

Action                   || total
-------------------------++-------
Melee: Club              ||     1
       Touch             ||     1
 Cast: Sandblast         ||    16
  Use: Scroll            ||     3
Armor: Robe              ||     7
Dodge: Dodged            ||    14
